General information
- name: BNet
- type: Ladder team game (AT/RT)
- host: Battle.net
- saver: sObieski
map: FullScaleAssault
- players: 8
- length: 49:31
- speed: Fast
- version: 1.28 W3XP
- replay type: Public
» download(465 KB)
Players
team 1 (loser)
ecupirate (
yellow | 41 APM | 2019 actions | 49:30)
8 Blademaster
3 Wind Walk
3 Critical Strike
1 Bladestorm
1 Mirror Image
» actions
| Basic commands | 1 | |
| Build / train | 108 | |
| Enter build submenu | 42 | |
| Enter hero's abilities submenu | 8 | |
| Give item / drop item | 1 | |
| Right click | 1270 | |
| Select / deselect | 462 | |
| Use ability | 127 | |
2019 total
» units
| Peon | 26 | |
| Troll Batrider | 9 | |
| Wind Rider | 15 | |
| Goblin Sapper | 7 | |
57 total
» upgrades
| Ranged Weapons | 2 | |
| Liquid Fire | 1 | |
| Reinforced Defenses | 1 | |
| Armor | 2 | |
| Shaman Training | 1 | |
| Spiked Barricades | 3 | |
| Envenomed Spears | 1 | |
11 total
» buildings
| Orc Burrow | 14 | |
| Altar of Storms | 1 | |
| Voodoo Lounge | 1 | |
| War Mill | 1 | |
| Stronghold | 2 | |
| Fortress | 1 | |
| Beastiary | 6 | |
| Great Hall | 4 | |
| Watch Tower | 9 | |
| Spirit Lodge | 1 | |
40 total
» build order
00:11 Orc Burrow
00:16 Altar of Storms
01:04 Voodoo Lounge
01:21 Orc Burrow
01:51 War Mill
03:09 Stronghold
03:10 Stronghold
04:56 Orc Burrow
06:15 Fortress
06:18 Beastiary
06:21 Beastiary
07:09 Beastiary
07:13 Orc Burrow
12:42 Orc Burrow
16:13 Great Hall
16:38 Watch Tower
16:40 Watch Tower
16:42 Watch Tower
16:44 Watch Tower
17:22 Spirit Lodge
18:17 Watch Tower
20:43 Orc Burrow
21:46 Orc Burrow
25:07 Orc Burrow
30:06 Great Hall
30:09 Watch Tower
30:11 Watch Tower
30:14 Watch Tower
30:16 Watch Tower
33:39 Beastiary
33:41 Beastiary
33:44 Beastiary
40:43 Orc Burrow
41:16 Orc Burrow
42:59 Orc Burrow
43:02 Orc Burrow
47:29 Great Hall
47:34 Orc Burrow
47:36 Orc Burrow
49:12 Great Hall
» items
| Healing Salve | 4 | |
| Lesser Clarity Potion | 5 | |
| Circlet of Nobility | 1 | |
| Dust of Appearance | 1 | |
| Orb of Lightning | 1 | |
| Scroll of Speed | 2 | |
| Scroll of Town Portal | 7 | |
| Tiny Great Hall | 1 | |
| Boots of Speed | 1 | |
| Potion of Healing | 4 | |
27 total
MomoiroChristin (
blue | 74 APM | 2715 actions | 36:53)
7 Priestess of the Moon
3 Trueshot Aura
3 Searing Arrows
1 Starfall
» actions
| Assign group hotkey | 14 | |
| Basic commands | 46 | |
| Build / train | 83 | |
| ESC pressed | 8 | |
| Enter build submenu | 24 | |
| Enter hero's abilities submenu | 7 | |
| Give item / drop item | 2 | |
| Right click | 2031 | |
| Select / deselect | 340 | |
| Select group hotkey | 43 | |
| Use ability | 117 | |
2715 total
» units
| Wisp | 24 | |
| Huntress | 1 | |
| Glaive Thrower | 16 | |
| Archer | 1 | |
| Chimaera | 1 | |
43 total
» upgrades
| Strength of the Moon | 3 | |
| Ultravision | 1 | |
| Vorpal Blades | 1 | |
| Nature's Blessing | 1 | |
| Well Spring | 1 | |
| Strength of the Wild | 2 | |
| Reinforced Hides | 1 | |
| Improved Bows | 1 | |
| Marksmanship | 1 | |
12 total
» buildings
| Altar of Elders | 1 | |
| Ancient of War | 3 | |
| Moon Well | 15 | |
| Hunter's Hall | 1 | |
| Ancient of Wonders | 1 | |
| Tree of Ages | 1 | |
| Tree of Eternity | 1 | |
| Tree of Life | 3 | |
| Ancient of Wind | 1 | |
| Chimaera Roost | 4 | |
31 total
» build order
00:08 Altar of Elders
00:10 Ancient of War
00:13 Moon Well
00:16 Moon Well
03:06 Hunter's Hall
03:17 Ancient of War
03:26 Ancient of Wonders
04:44 Tree of Ages
04:52 Moon Well
05:05 Moon Well
07:23 Tree of Eternity
08:38 Tree of Life
08:47 Moon Well
12:49 Ancient of War
14:53 Moon Well
14:54 Moon Well
18:03 Moon Well
18:05 Moon Well
21:27 Tree of Life
21:35 Moon Well
21:36 Moon Well
21:36 Moon Well
24:55 Moon Well
24:55 Moon Well
24:58 Moon Well
28:13 Ancient of Wind
29:18 Chimaera Roost
29:22 Chimaera Roost
29:23 Chimaera Roost
29:30 Chimaera Roost
29:40 Tree of Life
» items
| Scroll of Town Portal | 7 | |
| Scroll of Speed | 1 | |
| Potion of Healing | 6 | |
| Anti-magic Potion | 4 | |
18 total
ValSap (
red | 46 APM | 1574 actions | 34:09)
7 Lich
3 Frost Nova
3 Dark Ritual
1 Death and Decay
» actions
| Assign group hotkey | 42 | |
| Build / train | 83 | |
| Enter build submenu | 25 | |
| Enter hero's abilities submenu | 7 | |
| Give item / drop item | 1 | |
| Remove unit from queue | 11 | |
| Right click | 840 | |
| Select / deselect | 447 | |
| Select group hotkey | 48 | |
| Use ability | 70 | |
1574 total
» units
| Acolyte | 10 | |
| Ghoul | 3 | |
| Crypt Fiend | 16 | |
| Frost Wyrm | 14 | |
| Blue Dragon | 4 | |
47 total
» upgrades
| Creature Attack | 1 | |
| Creature Carapace | 1 | |
| Web | 1 | |
| Freezing Breath | 1 | |
4 total
» buildings
| Ziggurat | 10 | |
| Crypt | 2 | |
| Altar of Darkness | 1 | |
| Graveyard | 1 | |
| Tomb of Relics | 1 | |
| Halls of the Dead | 3 | |
| Sacrificial Pit | 1 | |
| Black Citadel | 3 | |
| Boneyard | 3 | |
| Necropolis | 1 | |
26 total
» build order
00:06 Ziggurat
00:08 Crypt
00:36 Altar of Darkness
00:58 Ziggurat
01:51 Graveyard
02:13 Tomb of Relics
02:33 Ziggurat
03:58 Halls of the Dead
04:31 Ziggurat
05:12 Ziggurat
06:44 Sacrificial Pit
06:47 Black Citadel
06:47 Black Citadel
06:47 Black Citadel
07:27 Ziggurat
09:19 Boneyard
09:21 Boneyard
13:01 Ziggurat
13:01 Ziggurat
17:22 Necropolis
17:27 Crypt
17:42 Ziggurat
17:42 Ziggurat
21:37 Halls of the Dead
» items
| Healing Salve | 2 | |
| Lesser Clarity Potion | 2 | |
| Scroll of Town Portal | 2 | |
6 total

»
Ocheeba (
purple | 44 APM | 1425 actions | 32:09)
8 Blademaster
3 Wind Walk
3 Critical Strike
1 Bladestorm
1 Mirror Image
» actions
| Assign group hotkey | 44 | |
| Basic commands | 5 | |
| Build / train | 94 | |
| Enter build submenu | 27 | |
| Enter hero's abilities submenu | 8 | |
| Give item / drop item | 6 | |
| Remove unit from queue | 2 | |
| Right click | 795 | |
| Select / deselect | 326 | |
| Select group hotkey | 20 | |
| Use ability | 98 | |
1425 total
» units
| Peon | 15 | |
| Troll Batrider | 12 | |
| Wind Rider | 14 | |
| Shaman | 6 | |
| Kodo Beast | 1 | |
| Tauren | 3 | |
51 total
» upgrades
| Ranged Weapons | 3 | |
| Liquid Fire | 1 | |
| Armor | 3 | |
| Envenomed Spears | 1 | |
| Shaman Training | 2 | |
| Melee Weapons | 1 | |
| War Drums Damage Increase | 1 | |
| Pulverize | 1 | |
| Reinforced Defenses | 1 | |
| Spiked Barricades | 1 | |
15 total
» buildings
| Altar of Storms | 1 | |
| Orc Burrow | 15 | |
| Voodoo Lounge | 1 | |
| Stronghold | 1 | |
| War Mill | 1 | |
| Fortress | 1 | |
| Beastiary | 2 | |
| Great Hall | 2 | |
| Spirit Lodge | 1 | |
| Tauren Totem | 2 | |
27 total
» build order
00:09 Altar of Storms
00:18 Orc Burrow
00:37 Voodoo Lounge
01:40 Orc Burrow
03:18 Stronghold
05:08 War Mill
05:42 Fortress
05:45 Beastiary
05:48 Beastiary
06:55 Orc Burrow
07:35 Orc Burrow
08:43 Orc Burrow
12:21 Orc Burrow
12:21 Orc Burrow
12:22 Orc Burrow
12:23 Orc Burrow
12:27 Orc Burrow
13:07 Orc Burrow
13:08 Orc Burrow
13:08 Orc Burrow
16:06 Great Hall
17:34 Spirit Lodge
18:30 Great Hall
25:30 Orc Burrow
28:02 Tauren Totem
28:16 Tauren Totem
29:41 Orc Burrow
» items
| Healing Salve | 3 | |
| Lesser Clarity Potion | 6 | |
| Circlet of Nobility | 1 | |
| Boots of Speed | 1 | |
| Orb of Lightning | 1 | |
| Potion of Lesser Invulnerability | 1 | |
| Potion of Healing | 1 | |
| Scroll of Town Portal | 1 | |
15 total
team 2 (winner)
Killerinstinct (
pink | 61 APM | 3012 actions | 49:30)
8 Mountain King
3 Storm Bolt
3 Bash
1 Avatar
1 Thunder Clap
7 Paladin
3 Holy Light
2 Divine Shield
1 Resurrection
1 Devotion Aura
» actions
| Assign group hotkey | 36 | |
| Basic commands | 349 | |
| Build / train | 94 | |
| ESC pressed | 3 | |
| Enter build submenu | 39 | |
| Enter hero's abilities submenu | 15 | |
| Give item / drop item | 6 | |
| Remove unit from queue | 3 | |
| Right click | 832 | |
| Select / deselect | 476 | |
| Select group hotkey | 1004 | |
| Use ability | 155 | |
3012 total
» units
| Peasant | 17 | |
| Rifleman | 16 | |
| Dragonhawk Rider | 11 | |
44 total
» upgrades
| Long Rifles | 1 | |
| Lumber Harvesting | 1 | |
| Gunpowder | 3 | |
| Cloud | 1 | |
| Swords | 1 | |
| Armor | 1 | |
8 total
» buildings
| Altar of Kings | 1 | |
| Farm | 10 | |
| Blacksmith | 2 | |
| Barracks | 2 | |
| Scout Tower | 11 | |
| Arcane Tower | 2 | |
| Arcane Vault | 1 | |
| Lumber Mill | 1 | |
| Keep | 1 | |
| Town Hall | 4 | |
| Guard Tower | 4 | |
| Gryphon Aviary | 2 | |
| Castle | 1 | |
42 total
» build order
00:09 Altar of Kings
00:34 Farm
00:58 Blacksmith
01:03 Barracks
01:27 Farm
01:40 Scout Tower
02:23 Arcane Tower
02:27 Farm
03:29 Arcane Vault
03:39 Farm
04:41 Lumber Mill
05:51 Scout Tower
06:01 Keep
06:11 Town Hall
06:13 Scout Tower
06:15 Guard Tower
06:33 Arcane Tower
06:35 Scout Tower
06:50 Farm
07:15 Guard Tower
07:48 Barracks
08:50 Gryphon Aviary
08:57 Farm
10:02 Gryphon Aviary
10:13 Farm
10:14 Farm
11:18 Blacksmith
11:26 Farm
11:49 Castle
12:54 Farm
14:05 Scout Tower
14:38 Guard Tower
19:42 Scout Tower
19:44 Scout Tower
19:48 Scout Tower
19:48 Scout Tower
19:49 Scout Tower
19:52 Scout Tower
21:02 Guard Tower
29:26 Town Hall
44:49 Town Hall
47:48 Town Hall
» items
| Scroll of Healing | 3 | |
| Scroll of Regeneration | 3 | |
| Scroll of Town Portal | 7 | |
| Lesser Clarity Potion | 1 | |
14 total
sObieski (
teal | 137 APM | 6785 actions | 49:31)
7 Archmage
3 Summon Water Elemental
3 Brilliance Aura
1 Mass Teleport
5 Mountain King
3 Storm Bolt
2 Bash
6 Paladin
2 Holy Light
3 Devotion Aura
1 Resurrection
» actions
| Assign group hotkey | 138 | |
| Basic commands | 827 | |
| Build / train | 210 | |
| ESC pressed | 9 | |
| Enter build submenu | 67 | |
| Enter hero's abilities submenu | 19 | |
| Give item / drop item | 6 | |
| Right click | 1589 | |
| Select / deselect | 985 | |
| Select group hotkey | 2501 | |
| Use ability | 434 | |
6785 total
» units
| Peasant | 19 | |
| Footman | 6 | |
| Rifleman | 16 | |
| Goblin Shredder | 3 | |
| Knight | 4 | |
| Siege Engine | 4 | |
| Sorceress | 7 | |
| Priest | 4 | |
| Goblin Zeppelin | 2 | |
65 total
» upgrades
| Gunpowder | 3 | |
| Masonry | 3 | |
| Swords | 3 | |
| Plating | 3 | |
| Barrage | 1 | |
| Animal War Training | 1 | |
| Sorceress Training | 2 | |
| Priest Training | 2 | |
| Armor | 3 | |
| Long Rifles | 1 | |
| Magic Sentry | 1 | |
23 total
» buildings
| Altar of Kings | 1 | |
| Barracks | 2 | |
| Farm | 12 | |
| Arcane Vault | 1 | |
| Blacksmith | 1 | |
| Town Hall | 7 | |
| Scout Tower | 26 | |
| Arcane Tower | 13 | |
| Lumber Mill | 1 | |
| Keep | 5 | |
| Guard Tower | 36 | |
| Castle | 5 | |
| Workshop | 2 | |
| Arcane Sanctum | 2 | |
| Gryphon Aviary | 2 | |
116 total
» build order
00:50 Altar of Kings
00:52 Barracks
00:56 Farm
01:03 Farm
01:12 Farm
01:47 Arcane Vault
02:25 Blacksmith
03:47 Town Hall
03:54 Scout Tower
04:24 Arcane Tower
04:24 Arcane Tower
04:24 Arcane Tower
04:27 Scout Tower
04:32 Lumber Mill
04:34 Scout Tower
05:03 Arcane Tower
05:03 Arcane Tower
05:03 Arcane Tower
06:10 Keep
06:10 Keep
06:56 Farm
06:57 Farm
08:17 Farm
08:24 Guard Tower
08:41 Castle
08:41 Castle
08:41 Castle
10:17 Workshop
10:18 Workshop
10:22 Barracks
11:34 Farm
11:34 Farm
11:35 Farm
11:38 Farm
12:05 Farm
13:08 Arcane Sanctum
13:10 Arcane Sanctum
13:15 Scout Tower
13:16 Scout Tower
13:17 Scout Tower
13:55 Guard Tower
13:55 Guard Tower
13:56 Guard Tower
13:56 Guard Tower
14:01 Guard Tower
14:01 Guard Tower
15:01 Scout Tower
15:04 Scout Tower
15:04 Scout Tower
15:05 Scout Tower
15:27 Farm
16:22 Guard Tower
16:22 Guard Tower
16:23 Guard Tower
17:13 Town Hall
19:43 Keep
19:43 Keep
22:28 Castle
22:28 Castle
26:36 Town Hall
30:59 Scout Tower
31:13 Guard Tower
31:13 Guard Tower
31:13 Guard Tower
32:57 Town Hall
33:08 Scout Tower
33:08 Scout Tower
33:12 Scout Tower
33:13 Scout Tower
33:28 Guard Tower
33:29 Guard Tower
33:29 Guard Tower
33:34 Arcane Tower
33:34 Arcane Tower
33:35 Arcane Tower
33:39 Guard Tower
33:39 Guard Tower
33:39 Guard Tower
33:40 Guard Tower
33:40 Guard Tower
33:40 Guard Tower
33:57 Town Hall
35:40 Scout Tower
36:25 Guard Tower
36:25 Guard Tower
36:25 Guard Tower
36:27 Scout Tower
37:04 Guard Tower
37:04 Guard Tower
38:34 Scout Tower
38:37 Scout Tower
39:01 Arcane Tower
39:06 Guard Tower
39:07 Guard Tower
43:12 Town Hall
43:33 Scout Tower
44:55 Keep
46:00 Town Hall
46:02 Scout Tower
46:05 Scout Tower
46:34 Arcane Tower
46:34 Arcane Tower
46:34 Arcane Tower
46:34 Guard Tower
46:34 Guard Tower
46:35 Guard Tower
46:40 Scout Tower
46:42 Scout Tower
47:35 Guard Tower
47:36 Guard Tower
47:36 Guard Tower
48:58 Gryphon Aviary
49:00 Gryphon Aviary
49:03 Scout Tower
49:07 Scout Tower
» items
| Scroll of Regeneration | 3 | |
| Mechanical Critter | 1 | |
| Periapt of Vitality | 1 | |
| Boots of Speed | 2 | |
| Staff of Teleportation | 1 | |
| Scroll of Town Portal | 3 | |
| Staff of Sanctuary | 1 | |
| Orb of Fire | 1 | |
| Circlet of Nobility | 1 | |
| Scroll of Protection | 1 | |
15 total

»
hamshackler (
green | 61 APM | 899 actions | 14:37)
2 Demon Hunter
1 Mana Burn
1 Evasion
1 Priestess of the Moon
1 Trueshot Aura
» actions
| Assign group hotkey | 11 | |
| Basic commands | 8 | |
| Build / train | 43 | |
| ESC pressed | 6 | |
| Enter build submenu | 23 | |
| Enter hero's abilities submenu | 3 | |
| Remove unit from queue | 1 | |
| Right click | 272 | |
| Select / deselect | 258 | |
| Select group hotkey | 214 | |
| Use ability | 60 | |
899 total
» units
» upgrades
| Strength of the Wild | 3 | |
| Corrosive Breath | 1 | |
| Reinforced Hides | 1 | |
5 total
» buildings
| Altar of Elders | 1 | |
| Moon Well | 5 | |
| Ancient of War | 1 | |
| Ancient of Wonders | 1 | |
| Tree of Ages | 2 | |
| Hunter's Hall | 1 | |
| Ancient of Wind | 2 | |
| Tree of Eternity | 1 | |
| Chimaera Roost | 2 | |
| Tree of Life | 2 | |
18 total
» build order
00:19 Altar of Elders
00:24 Moon Well
01:00 Ancient of War
01:39 Moon Well
01:52 Ancient of Wonders
02:53 Moon Well
03:22 Tree of Ages
03:22 Tree of Ages
03:52 Moon Well
04:51 Hunter's Hall
05:44 Ancient of Wind
05:45 Tree of Eternity
07:16 Ancient of Wind
08:21 Chimaera Roost
08:22 Chimaera Roost
10:55 Tree of Life
11:25 Moon Well
12:40 Tree of Life
» items
| Periapt of Vitality | 1 | |
| Boots of Speed | 1 | |
2 total

»
Splinted (
orange | 56 APM | 2760 actions | 49:30)
7 Blademaster
3 Wind Walk
3 Critical Strike
1 Bladestorm
6 Tauren Chieftain
3 War Stomp
2 Endurance Aura
1 Reincarnation
» actions
| Assign group hotkey | 22 | |
| Basic commands | 205 | |
| Build / train | 104 | |
| Enter build submenu | 42 | |
| Enter hero's abilities submenu | 13 | |
| Give item / drop item | 6 | |
| Remove unit from queue | 1 | |
| Right click | 1152 | |
| Select / deselect | 615 | |
| Select group hotkey | 415 | |
| Use ability | 185 | |
2760 total
» units
| Peon | 24 | |
| Grunt | 3 | |
| Goblin Shredder | 1 | |
| Troll Headhunter/Berserker | 10 | |
| Raider | 6 | |
| Troll Batrider | 8 | |
| Wind Rider | 2 | |
| Kodo Beast | 1 | |
| Troll Witch Doctor | 5 | |
| Shaman | 6 | |
66 total
» upgrades
| Ranged Weapons | 2 | |
| Armor | 2 | |
| Ensnare | 1 | |
| Melee Weapons | 1 | |
| Reinforced Defenses | 1 | |
| Shaman Training | 2 | |
| Witch Doctor Training | 2 | |
| Berserker Upgrade | 1 | |
| Pillage | 1 | |
13 total
» buildings
| Altar of Storms | 1 | |
| Orc Burrow | 12 | |
| Barracks | 4 | |
| Voodoo Lounge | 1 | |
| Stronghold | 1 | |
| War Mill | 1 | |
| Beastiary | 2 | |
| Great Hall | 5 | |
| Fortress | 1 | |
| Spirit Lodge | 2 | |
| Watch Tower | 11 | |
41 total
» build order
00:08 Altar of Storms
00:11 Orc Burrow
01:00 Barracks
01:38 Orc Burrow
01:40 Orc Burrow
01:43 Voodoo Lounge
03:43 Stronghold
03:48 War Mill
03:59 Orc Burrow
05:59 Orc Burrow
07:20 Barracks
07:22 Beastiary
07:23 Beastiary
08:28 Great Hall
09:18 Orc Burrow
09:22 Fortress
10:07 Orc Burrow
12:29 Orc Burrow
12:32 Orc Burrow
12:57 Spirit Lodge
13:08 Watch Tower
13:10 Watch Tower
13:12 Watch Tower
14:02 Watch Tower
14:03 Watch Tower
14:04 Watch Tower
14:06 Watch Tower
14:08 Orc Burrow
14:21 Watch Tower
17:06 Barracks
17:11 Barracks
18:33 Watch Tower
18:41 Watch Tower
20:29 Great Hall
21:08 Spirit Lodge
23:19 Watch Tower
26:34 Orc Burrow
26:38 Orc Burrow
27:51 Great Hall
32:46 Great Hall
40:53 Great Hall
» items
| Lesser Clarity Potion | 2 | |
| Scroll of Town Portal | 1 | |
| Orb of Lightning | 1 | |
| Staff of Teleportation | 1 | |
5 total
Chat log
(00:05 / Allies) sObieski: yo
(00:06 / Allies) sObieski: plan guys?
(00:18 / Allies) Killerinstinct: ill od aa
(00:35 / Allies) sObieski: kk
(00:41 / Allies) sObieski: I'll go knight/tank
(00:42 / Allies) sObieski: maybe
(00:43 / Allies) sObieski: not sure
(01:20 / Allies) hamshackler: elfscouting
(01:56 / All) Splinted: hello
(01:59 / All) MomoiroChristin: hi
(02:00 / All) ecupirate: sup
(04:39 / Allies) Splinted: free healing
(06:58 / Allies) hamshackler: gonna need lumber...
(08:02 / Allies) Killerinstinct: i could use 100 lum if anyone has extra
(08:08 / Allies) sObieski: there you go
(08:10 / Allies) Killerinstinct: ty
(08:12 / Allies) sObieski: np
(09:36 / Allies) Killerinstinct: wtf
(09:37 / Allies) Killerinstinct: glaives
(09:38 / Allies) Killerinstinct: lol
(09:43 / Allies) hamshackler: ty
(09:44 / Allies) sObieski: yeah
(09:45 / Allies) sObieski: that's weird
(09:53 / Allies) sObieski: he didnt even finish creeping it
(09:54 / Allies) sObieski: lol
(10:28 / Allies) Killerinstinct: theyve crept nothing
(10:33 / Allies) sObieski: wtf they doing
(11:03 / Allies) sObieski: blue mass glaives lmao
(11:12 / Allies) Killerinstinct: lets ht
(11:13 / Allies) Killerinstinct: hit
(11:21 / Allies) sObieski: got my t3 units coming in a sec
(11:30 / Allies) Killerinstinct: k
(11:36 / Allies) Killerinstinct: tp out if it gets bad
(11:38 / Allies) sObieski: yeah
(11:40 / Allies) sObieski: dont risk too much
(11:59 / Allies) sObieski: wow they suck big time
(12:11 / Allies) Killerinstinct: im waiting
(12:15 / Allies) sObieski: b
(12:56 / Allies) hamshackler: im getting absolutely fucked
(13:01 / Allies) sObieski: bats
(13:05 / Allies) hamshackler: and its my own fault
(13:14 / Allies) Killerinstinct: he has no burrows
(14:39 / Allies) sObieski: wtf
(14:40 / Allies) sObieski: stay
(14:41 / Allies) sObieski: we got this
(14:42 / Allies) Killerinstinct: LOL
(14:45 / Allies) sObieski: what an idiot
(14:45 / Allies) Killerinstinct: he bad
(14:48 / Allies) sObieski: dumb as the other team lol
(16:01 / Allies) Killerinstinct: tp
(16:18 / Allies) sObieski: shiiet those glaives
(16:34 / Allies) sObieski: careful
(17:00 / Allies) sObieski: gold me? need to rebuild
(17:09 / Allies) sObieski: ty
(17:37 / Allies) sObieski: hit blue
(18:00 / Allies) Killerinstinct: orange
(18:01 / Allies) Killerinstinct: use gold
(18:03 / Allies) Killerinstinct: 29 food
(18:04 / Allies) Killerinstinct: 2k
(18:04 / Allies) sObieski: 400g for tp?
(18:17 / Allies) Killerinstinct: give gold plz imbroke
(18:26 / Allies) sObieski: I need gold for tp
(18:49 / Allies) sObieski: 400g
(18:51 / Allies) sObieski: for tp please
(18:59 / Allies) sObieski: ty
(19:51 / Allies) Splinted: lol
(20:21 / All) ValSap: gg
(20:40 / Allies) Killerinstinct: these guys so bad
(20:44 / Allies) Splinted: they are
(20:49 / Allies) sObieski: and beating us which is the sad thing
(20:55 / Allies) sObieski: I shouldn't have gone knight/tank
(21:14 / Allies) Killerinstinct: all meet
(23:42 / Allies) Splinted: lets fight them
(23:44 / Allies) Killerinstinct: ya
(24:30 / Allies) sObieski: nice shackles
(24:55 / Allies) sObieski: got polymorph on the way researching
(24:56 / Allies) Splinted: blue with the glaives going top
(24:57 / Allies) sObieski: to help with frosts
(25:04 / Allies) Killerinstinct: head north
(25:05 / Allies) sObieski: my base
(25:07 / Allies) sObieski: inc
(26:29 / All) ecupirate: lol teal
(28:12 / Allies) sObieski: we need expos
(28:21 / Allies) sObieski: I'm trapped
(28:26 / Allies) Killerinstinct: lol
(28:26 / Allies) Splinted: :D
(28:57 / Allies) sObieski: reveal
(28:58 / Allies) sObieski: maybe inc
(29:17 / Allies) Killerinstinct: base uselss
(29:19 / Allies) Killerinstinct: no mines
(29:35 / Allies) Killerinstinct: yall got tps?
(29:52 / Allies) Killerinstinct: gold?
(29:56 / Allies) Splinted: none
(30:06 / Allies) sObieski: almost mined out
(30:11 / Allies) sObieski: need to expo but hard with that blademaster
(30:14 / Allies) Killerinstinct: ya
(30:40 / Allies) Killerinstinct: hit elf next?
(31:18 / Allies) Killerinstinct: wyrms first
(31:32 / Allies) Killerinstinct: fuck
(32:16 / Allies) Killerinstinct: b
(32:16 / Allies) Killerinstinct: b
(32:17 / Allies) Killerinstinct: b
(32:18 / Allies) Killerinstinct: b
(32:18 / Allies) Killerinstinct: b
(32:49 / Allies) Killerinstinct: use gold
(34:11 / Allies) sObieski: hope I can get this expo
(34:14 / Allies) sObieski: looks like we got this
(34:30 / Allies) Killerinstinct: orange
(34:32 / Allies) Killerinstinct: take claws for blade
(34:36 / Allies) Killerinstinct: do massave damage
(34:48 / Allies) Killerinstinct: i got two +9s
(34:49 / Allies) Splinted: always that one annoying bm last game
(34:51 / Allies) Splinted: where is it?
(34:59 / Allies) Killerinstinct: give me belt and ring
(35:02 / Allies) Killerinstinct: i give u both claws
(35:03 / Allies) sObieski: lumber if you can?
(35:03 / Allies) Splinted: i'll trade str with you
(35:05 / Allies) sObieski: badly need wood
(35:14 / Allies) sObieski: ty
(35:32 / Allies) Killerinstinct: nice
(35:35 / Allies) Killerinstinct: +35
(35:37 / Allies) sObieski: got my expo
(35:46 / Allies) Killerinstinct: tp
(35:47 / Allies) Killerinstinct: here
(35:51 / Allies) Killerinstinct: rapeheros
(35:54 / Allies) Killerinstinct: tp
(36:02 / Allies) sObieski: need help
(36:22 / All) Splinted: Lol
(36:30 / All) Splinted: gfg
(36:35 / All) sObieski: gg red
(36:40 / All) sObieski: o he left
(36:44 / All) sObieski: said it early
(36:47 / All) sObieski: and look who's really winning
(36:48 / All) Killerinstinct: lol
(36:56 / All) Killerinstinct: wtf was blue doing
(37:02 / All) Killerinstinct: mass glaives
(37:24 / Allies) Killerinstinct: that blade is stacked lol
(37:49 / Allies) sObieski: I reaveled those
(37:50 / Allies) sObieski: a min ago
(37:53 / Allies) Splinted: anything there?
(37:54 / Allies) sObieski: and there was nothing
(37:55 / Allies) Killerinstinct: i have no peasents and no gold lol
(37:59 / Allies) sObieski: the top one isnt even crept lol
(38:10 / Allies) Killerinstinct: gold 4 tp
(38:18 / Allies) Killerinstinct: need 100 more
(38:25 / Allies) sObieski: damn he tped
(38:36 / Allies) Killerinstinct: ill sell belt
(39:21 / Allies) Killerinstinct: go get
(39:22 / Allies) Killerinstinct: him
(39:23 / Allies) Killerinstinct: end it
(39:56 / All) Killerinstinct: le;ave
(40:58 / Allies) Killerinstinct: use blade
(41:11 / Allies) Killerinstinct: come to pally
(41:12 / Allies) Killerinstinct: ill heal
(41:41 / Allies) Killerinstinct: i gotta go make tacos
(41:43 / Allies) Splinted: need some gold
(41:46 / Allies) Killerinstinct: wish this dude would leave
(42:33 / All) Killerinstinct: plz leave its over
(42:49 / All) sObieski: pathetic bladestorm
(42:49 / All) sObieski: out
(44:01 / Allies) Splinted: anyone seen my witch doctor? lol
(44:07 / Allies) Killerinstinct: rigght here
(44:37 / Allies) Killerinstinct: gold 4 rebuild?
(45:57 / Allies) Killerinstinct: lol
(46:00 / Allies) Killerinstinct: this dude wont quit
(46:50 / Allies) Killerinstinct: u can mas tp on ward
(47:12 / All) sObieski: out
(47:28 / Allies) sObieski: ressed your peasant lol
(47:31 / Allies) Killerinstinct: ty
(47:32 / Allies) Killerinstinct: lol
(47:34 / Allies) Killerinstinct: gold